Map: Pillars of Gold LE

Players

FrameSticker - Winner!

  • Race: Protoss Protoss
  • League: Diamond
  • Spawn Location: 7:00

JonSkywalker

  • Race: Terran Terran
  • League: Diamond
  • Spawn Location: 1:00

VOD

Have the link to the VOD?

Description

Time

  • Played on: Aug. 22, 2020, 3:04 p.m.
  • Length: 26:41
Show
View Real Time Build Order
Export as new Build Order

FrameSticker Protoss - Winner!

Build Orders: 1 Gate Expand, Blink Stalkers, Colossus Rush 

Get SALT Encoding   

  12  0:00  Probe  
  13  0:12  Probe  
  14  0:18  Pylon  
  14  0:24  Probe  
  15  0:36  Gateway  
  15  0:39  Probe (Chrono Boost)  
  16  0:49  Probe (Chrono Boost)  
  17  0:50  Assimilator  
  17  0:54  Probe (Chrono Boost)  
  18  1:06  Probe  
  19  1:18  Probe  
  20  1:25  Cybernetics Core  
  20  1:40  Nexus  
  20  1:48  Pylon  
  20  2:01  Stalker (Chrono Boost)  
  20  2:05  Warp Gate  
  20  2:07  Probe  
  23  2:20  Probe  
  23  2:21  Shield Battery  
  24  2:32  Probe  
  24  2:35  Twilight Council  
  25  2:41  Assimilator  
  24  2:45  Probe  
  25  2:52  Probe (Chrono Boost)  
  27  3:03  Probe (Chrono Boost)  
  27  3:04  Probe (Chrono Boost), Assimilator  
  30  3:12  Probe (Chrono Boost)  
  30  3:14  Probe (Chrono Boost)  
  30  3:18  Robotics Facility  
  31  3:21  Probe (Chrono Boost)  
  31  3:22  Probe (Chrono Boost)  
  32  3:27  Stalker  
  32  3:30  Probe (Chrono Boost)  
  32  3:33  Probe  
  36  3:41  Probe  
  36  3:44  Blink  
  36  3:45  Probe  
  37  3:53  Probe (Chrono Boost), Pylon  
  38  4:02  Probe (Chrono Boost)  
  39  4:05  Probe (Chrono Boost), Observer  
  42  4:12  Probe (Chrono Boost)  
  42  4:13  Probe (Chrono Boost), Robotics Bay  
  43  4:19  Gateway  
  43  4:23  Probe (Chrono Boost)  
  45  4:26  Probe (Chrono Boost), Observer  
  45  4:27  Pylon  
  45  4:28  Probe (Chrono Boost)  
  47  4:33  Probe, Assimilator  
  48  4:38  Stalker  
  48  4:41  Probe  
  51  4:46  Probe  
  51  4:48  Observer  
  53  4:53  Probe, Forge  
  53  4:58  Probe  
  55  5:03  Observer  
  55  5:05  Probe  
  56  5:08  Nexus  
  56  5:19  Colossus (Chrono Boost)  
  53  5:26  Probe x2 (Chrono Boost)  
  54  5:37  Probe x2 (Chrono Boost)  
  54  5:40  Stalker, Sentry  
  54  5:42  Probe (Chrono Boost)  
  60  5:47  Probe  
  62  5:53  Pylon  
  62  5:55  Observer  
  62  5:57  Gateway  
  62  6:10  Colossus (Chrono Boost)  
  62  6:11  Probe, Pylon  
  62  6:12  Probe  
  70  6:19  Charge  
  70  6:29  Probe x2  
  71  6:34  Stalker x2  
  71  6:36  Observer  
  75  6:41  Probe (Chrono Boost)  
  75  6:45  Protoss Ground Weapons Level 1  
  75  6:46  Probe (Chrono Boost)  
  77  6:47  Probe (Chrono Boost)  
  77  6:53  Probe (Chrono Boost)  
  79  6:56  Colossus (Chrono Boost)  
  79  7:00  Probe (Chrono Boost)  
  87  7:02  Probe x2 (Chrono Boost)  
  87  7:04  Pylon  
  87  7:08  Pylon  
  87  7:12  Stalker, Sentry  
  91  7:15  Stalker  
  93  7:23  Probe x3  
  93  7:25  Shield Battery  
  93  7:27  Pylon  
  96  7:36  Stalker  
  98  7:42  Stalker x2  
  86  8:05  Stalker  
  67  8:13  Stalker x2  
  67  8:14  Probe x2  
  67  8:19  Probe  
  64  8:24  Gateway  
  64  8:26  Gateway x2  
  64  8:27  Probe x2 (Chrono Boost)  
  66  8:29  Gateway  
  66  8:31  Probe (Chrono Boost), Stalker  
  69  8:34  Shield Battery  
  69  8:35  Shield Battery  
  69  8:36  Colossus (Chrono Boost)  
  69  8:37  Shield Battery  
  69  8:39  Probe x2 (Chrono Boost)  
  77  8:42  Sentry x2  
  77  8:46  Probe (Chrono Boost)  
  82  8:49  Probe (Chrono Boost)  
  82  8:53  Probe  
  82  8:54  Probe  
  82  8:55  Phoenix  
  85  8:56  Extended Thermal Lance, Assimilator  
  85  8:57  Assimilator  
  85  8:58  Probe  
  85  9:02  Templar Archives  
  86  9:05  Probe  
  86  9:06  Probe  
  88  9:10  Probe  
  89  9:18  Probe x2  
  89  9:22  Probe  
  89  9:23  Observer  
  93  9:26  Zealot x4  
  93  9:30  Probe x2  
  103  9:40  Pylon  
  103  9:41  Pylon  
  94  9:46  Zealot x3  
  94  9:48  Observer  
  98  9:56  Psionic Storm  
  98  10:07  Nexus  
  98  10:09  Pylon  
  98  10:14  Pylon  
  98  10:21  High Templar x2  
  98  10:27  Nexus  
  102  10:31  High Templar x2  
  102  10:32  High Templar  
  102  10:34  Probe  
  109  10:46  High Templar x2  
  113  10:52  Probe x2  
  113  10:55  Forge  
  115  10:57  High Templar  
  115  11:00  Observer  
  115  11:01  Pylon  
  115  11:03  Pylon  
  117  11:04  Probe  
  117  11:06  Archon  
  118  11:12  Pylon  
  118  11:14  Pylon  
  118  11:19  Probe x2  
  118  11:20  Pylon  
  118  11:23  Pylon  
  118  11:24  High Templar x2  
  118  11:25  High Templar x2  
  128  11:26  Zealot x2  
  128  11:28  Archon  
  128  11:29  Archon  
  132  11:46  Zealot x2  
  136  11:47  Probe x4  
  140  11:55  Zealot  
  140  11:59  Gateway  
  140  12:00  Gateway  
  142  12:04  Gateway  
  141  12:13  Stalker x4  
  118  12:44  Zealot x7  
  111  12:58  Sentry x2  
  84  13:03  Colossus (Chrono Boost)  
  70  13:09  High Templar x6  
  70  13:10  Zealot x2  
  91  13:13  Probe x2  
  91  13:19  Probe x2  
  93  13:22  Protoss Ground Weapons Level 2 (Chrono Boost)  
  93  13:25  Probe, Assimilator  
  94  13:27  Assimilator  
  94  13:28  Zealot x2  
  96  13:42  Stalker x2  
  96  13:45  Colossus (Chrono Boost)  
  106  13:50  Stalker x2  
  110  13:58  Gravitic Drive  
  110  14:10  Nexus  
  110  14:13  Robotics Facility  
  110  14:17  Shield Battery  
  110  14:18  High Templar  
  110  14:19  Sentry  
  110  14:20  Shield Battery, Zealot  
  110  14:23  Shield Battery  
  116  14:24  Observer  
  116  14:25  Warp Prism  
  118  14:35  Zealot x2, High Templar x2  
  118  14:36  Zealot  
  118  14:38  Pylon  
  128  14:39  Archon  
  128  14:45  Pylon  
  128  14:48  Zealot x3  
  128  14:50  Probe x2  
  128  14:52  Probe, Pylon  
  137  15:01  Stalker x2  
  111  15:17  Stalker  
  111  15:18  Stalker x4  
  101  15:28  Zealot x2  
  101  15:29  Zealot  
  101  15:30  High Templar x2  
  101  15:33  Probe x2  
  97  15:46  Zealot x4  
  97  15:47  Zealot  
  97  15:49  Archon  
  91  15:59  Zealot  
  91  16:00  Zealot x2  
  91  16:03  Probe  
  91  16:04  Probe x3  
  101  16:08  Zealot  
  101  16:13  High Templar x6  
  111  16:19  Observer  
  111  16:23  Probe x2  
  114  16:26  Assimilator  
  114  16:30  Zealot x4  
  122  16:37  Observer  
  122  16:53  Nexus  
  118  17:01  High Templar x5  
  118  17:04  Probe  
  118  17:05  Probe x2  
  129  17:13  Probe, Colossus  
  136  17:16  Probe  
  136  17:17  Probe  
  136  17:22  Protoss Ground Weapons Level 3 (Chrono Boost)  
  138  17:24  Archon x2  
  138  17:27  Stalker x3  
  138  17:28  Stalker x2  
  148  17:39  Zealot x2  
  148  17:40  Zealot x3  
  158  18:04  Zealot  
  158  18:05  Zealot x9  
  176  18:06  Colossus (Chrono Boost)  
  176  18:08  Nexus  
  152  18:31  Stalker x4  
  152  18:32  Stalker x4  
  146  18:37  Probe x2  
  146  18:38  Probe x2  
  146  18:40  Pylon  
  146  18:41  High Templar x2  
  136  18:56  Stalker  
  136  18:57  Stalker x3  
  144  19:18  Assimilator  
  144  19:25  Zealot  
  144  19:26  Zealot x6  
  144  19:30  Assimilator  
  150  19:40  Nexus  
  138  19:51  Zealot  
  138  19:52  Zealot x5  
  134  20:29  Nexus  
  134  20:32  Stargate  
  134  20:34  Stargate  
  132  20:38  Zealot x4  
  132  20:39  Zealot x6  
  145  21:10  Dark Shrine  
  145  21:12  Zealot, High Templar x3  
  145  21:13  Zealot x4  
  145  21:15  Protoss Air Weapons Level 1  
  145  21:33  Stalker x2  
  149  21:42  Assimilator  
  149  21:44  Zealot x4  
  149  21:45  Zealot x3  
  163  21:51  Assimilator  
  163  21:53  Assimilator  
  129  22:05  Archon  
  109  22:14  Zealot x9  
  125  22:25  Colossus  
  117  22:37  Zealot x6  
  121  22:55  High Templar x4  
  117  23:17  Fleet Beacon  
  117  23:19  Dark Templar  
  119  23:23  Stalker, Zealot x4  
  129  23:29  Nexus  
  129  23:32  Zealot x3  
  129  23:33  Zealot  
  135  23:47  Dark Templar  
  136  23:54  High Templar x3  
  136  23:55  Zealot x6  
  131  24:17  Stalker x6  
  146  24:35  Oracle  
  146  24:37  Nexus  
  146  24:46  Stalker  
  146  24:47  Stalker x5  
  152  25:04  Zealot x4  
  152  25:12  Stalker x5  
  160  25:21  Warp Prism  
  134  25:50  Archon  
  134  25:51  Archon  
  112  26:00  Stalker x5  
  112  26:01  Stalker  
  122  26:19  High Templar x4  
  130  26:34  Nexus  
  130  26:38  Nexus  
Show
View Real Time Build Order
Export as new Build Order

JonSkywalker Terran 

Build Orders: Reaper Expand 

Get SALT Encoding   

  12  0:00  SCV  
  13  0:13  SCV  
  14  0:18  Supply Depot  
  14  0:26  SCV  
  15  0:40  SCV  
  15  0:42  Barracks  
  16  0:45  Refinery  
  16  0:52  SCV  
  17  1:04  SCV  
  18  1:16  SCV  
  19  1:28  Orbital Command  
  19  1:29  Reaper  
  20  1:46  Command Center  
  20  1:54  Refinery  
  20  2:07  SCV  
  20  2:10  Marine  
  20  2:11  Supply Depot  
  21  2:19  SCV  
  22  2:28  Factory  
  22  2:29  Barracks Reactor  
  22  2:31  SCV  
  23  2:43  SCV  
  24  2:49  Refinery  
  24  2:55  SCV, Bunker  
  25  2:59  Orbital Command  
  25  3:05  Marine  
  25  3:06  Marine  
  25  3:07  SCV  
  28  3:14  Starport  
  28  3:17  Widow Mine  
  28  3:19  SCV  
  31  3:23  Marine  
  31  3:43  SCV  
  31  3:44  SCV, Marine  
  31  3:45  Marine, Widow Mine  
  37  3:48  Supply Depot  
  37  3:52  Medivac  
  39  3:56  SCV  
  40  4:03  Marine  
  40  4:04  Marine  
  40  4:07  Widow Mine  
  40  4:09  SCV x2  
  46  4:13  Supply Depot  
  46  4:21  SCV x2  
  46  4:22  Starport Tech Lab  
  48  4:27  Marine x2  
  50  4:32  Factory Tech Lab  
  50  4:34  Barracks  
  50  4:35  SCV, Barracks  
  51  4:39  Supply Depot  
  51  4:40  SCV  
  51  4:44  Raven  
  54  4:55  SCV x2  
  54  4:56  Marine x2  
  54  4:58  Siege Tank  
  61  5:02  Engineering Bay, Refinery  
  61  5:09  Supply Depot  
  61  5:17  SCV x2  
  63  5:22  Marine x4  
  67  5:29  SCV x2  
  67  5:33  Siege Tank  
  72  5:41  SCV x2  
  74  5:44  Terran Infantry Weapons Level 1  
  74  5:45  Supply Depot  
  74  5:46  Barracks Tech Lab  
  74  5:54  SCV x2  
  74  5:55  Starport Reactor  
  74  5:56  Stimpack  
  78  5:57  Marauder  
  78  6:06  SCV, Marine x2  
  78  6:08  Supply Depot x2  
  78  6:10  Combat Shield  
  81  6:24  Marine  
  82  6:29  SCV x2  
  82  6:34  Medivac, Marauder x2, Marine  
  82  6:37  Medivac  
  87  6:42  Marine  
  90  6:51  Command Center  
  88  6:57  Barracks x2  
  88  7:06  SCV x2  
  88  7:07  Medivac x2  
  94  7:13  Widow Mine  
  94  7:14  Marauder x2, Marine  
  101  7:16  Marine  
  102  7:22  Supply Depot  
  102  7:24  SCV  
  102  7:25  Refinery  
  100  7:38  Terran Infantry Armor Level 1  
  100  7:39  Marauder x2  
  100  7:40  Supply Depot  
  93  8:06  Marauder, Marine  
  93  8:07  Marauder x2  
  91  8:21  Marine  
  91  8:23  Barracks Reactor  
  91  8:24  Marine  
  93  8:27  Orbital Command, Starport  
  93  8:28  Marauder x3, Fusion Core  
  93  8:33  SCV  
  93  8:34  SCV  
  101  8:39  Marine  
  102  8:42  Marine  
  102  8:45  Concussive Shells, SCV  
  102  8:46  SCV  
  102  8:48  Barracks  
  105  8:49  Marauder x2, Marine  
  105  8:50  Sensor Tower  
  105  8:51  Barracks  
  110  8:57  Engineering Bay  
  110  9:00  Armory  
  110  9:08  Orbital Command  
  110  9:12  Factory Reactor  
  110  9:13  SCV x2  
  110  9:14  Liberator  
  116  9:23  Refinery  
  115  9:25  SCV x2  
  115  9:26  Refinery  
  115  9:29  Liberator  
  120  9:31  Starport Reactor  
  120  9:40  Marauder  
  120  9:41  Marauder x2, Marine  
  127  9:51  Marine x2  
  129  9:58  Liberator  
  130  10:02  Marauder x3  
  130  10:03  SCV x3  
  139  10:08  Advanced Ballistics  
  139  10:24  Supply Depot  
  139  10:25  Supply Depot  
  139  10:26  Supply Depot  
  139  10:30  Marine x2  
  141  10:39  Supply Depot  
  141  10:43  Terran Ship Weapons Level 1  
  141  10:45  Marine x2, Liberator x2  
  141  10:46  Liberator  
  152  10:55  Marauder x3, Marine x2  
  160  10:57  Barracks Tech Lab  
  160  11:03  Barracks x2  
  160  11:04  Terran Infantry Weapons Level 2  
  160  11:10  Liberator  
  163  11:12  Supply Depot  
  163  11:16  Marauder  
  165  11:21  Supply Depot, Terran Infantry Armor Level 2  
  165  11:23  SCV  
  165  11:24  SCV  
  167  11:28  Marauder x2, Marine  
  167  11:29  Marine  
  167  11:32  Command Center  
  173  11:34  Liberator  
  173  11:36  Supply Depot  
  176  11:49  Marine x2  
  176  11:50  Marine  
  176  11:53  Supply Depot  
  176  11:54  Supply Depot  
  179  12:12  Medivac x3  
  133  12:56  Marine x2  
  133  12:57  Marauder x3, Marine  
  110  13:00  Marauder, Marine x2  
  110  13:03  Marine  
  106  13:06  Medivac  
  106  13:07  Medivac  
  110  13:14  Marine x3  
  110  13:18  Marauder x3, Marine  
  120  13:20  Liberator x2  
  120  13:22  Planetary Fortress, Marauder  
  120  13:25  Barracks  
  120  13:26  Barracks Tech Lab x2  
  128  13:30  Widow Mine x2  
  128  13:32  Marine x2  
  134  13:36  Liberator x2  
  134  13:39  Marauder  
  142  13:41  SCV x3  
  142  13:43  Terran Infantry Weapons Level 3, Terran Infantry Armor Level 3  
  142  13:44  Marauder x2  
  142  13:45  Marine x2  
  142  13:46  Marauder  
  152  14:01  Ghost Academy  
  151  14:08  Liberator x2  
  157  14:18  Barracks Reactor  
  157  14:23  Refinery  
  157  14:27  Refinery, Terran Ship Weapons Level 2  
  157  14:30  Marauder x5  
  157  14:31  Marauder, Marine  
  169  14:32  Marine  
  171  14:43  Marine  
  171  14:44  Marine  
  173  14:49  Marine x2  
  173  14:50  Enhanced Shockwaves  
  175  14:58  Marauder x2  
  131  15:22  Marauder x2  
  131  15:23  Marauder x4, Marine x4  
  136  15:43  Marine x2  
  136  15:44  Marauder x4  
  133  15:50  Marauder x2, Marine x3  
  133  15:56  Marine  
  125  16:01  Marine x2, Liberator x4  
  131  16:05  Marauder x3, Marine  
  131  16:09  Marine  
  143  16:11  Marauder x2  
  143  16:16  Starport  
  143  16:22  Marine x2  
  143  16:23  Marine x2  
  147  16:44  Medivac, Liberator  
  147  16:46  Liberator  
  155  16:54  Missile Turret, Marine x4  
  159  17:06  Missile Turret  
  159  17:10  Marauder x4  
  159  17:15  Missile Turret  
  167  17:17  Liberator  
  167  17:21  Command Center  
  167  17:25  Marine x6  
  167  17:28  Liberator  
  176  17:30  Starport Reactor  
  176  18:12  Marauder x4, Marine x4  
  187  18:13  Marine, Liberator x3  
  171  18:35  Medivac x3  
  167  18:53  Marauder x3, Marine x2  
  175  18:56  Liberator x2  
  175  18:57  Medivac  
  183  19:08  Terran Ship Weapons Level 3  
  183  19:12  SCV x4  
  183  19:15  Planetary Fortress  
  187  19:20  Medivac  
  189  19:39  Marine  
  189  19:40  Marauder x2  
  171  20:19  SCV  
  172  20:31  Medivac x2  
  172  20:32  Medivac  
  178  20:36  Refinery  
  178  20:37  Starport  
  178  20:39  Refinery  
  178  20:43  Orbital Command  
  178  20:44  Medivac  
  180  21:00  Marauder x3, Marine x6  
  180  21:01  Medivac  
  194  21:24  Liberator  
  194  21:25  Liberator x2  
  170  21:31  Liberator  
  171  21:37  Starport Reactor  
  171  21:43  Ghost x4  
  169  21:59  Marauder, Marine x5  
  135  22:06  Command Center  
  135  22:07  Liberator x2  
  135  22:08  Liberator  
  121  22:12  Marauder x2, Marine x2  
  121  22:13  Orbital Command  
  121  22:14  Liberator  
  120  22:16  Marine  
  120  22:17  Marine x4  
  120  22:20  Marauder  
  121  22:30  Marauder, Marine  
  121  22:34  Medivac, Marauder x2, Marine x2  
  121  22:35  Medivac, Marine x3  
  137  22:42  Marauder  
  139  22:48  Marauder  
  133  22:51  Marine  
  133  22:52  Marine x4  
  133  22:55  Marauder x2  
  141  23:02  Marine  
  141  23:03  Marine  
  141  23:04  SCV x2  
  141  23:05  SCV  
  145  23:11  Liberator x2  
  151  23:19  SCV x2  
  153  23:20  SCV x2  
  155  23:29  Marine  
  155  23:30  Marauder x2, Marine  
  155  23:31  SCV x2  
  155  23:32  SCV  
  155  23:33  SCV  
  163  23:56  Missile Turret  
  155  24:14  Marine x2  
  155  24:15  Ghost, Marauder x2  
  155  24:16  Liberator  
  155  24:17  Liberator  
  162  24:26  Marauder, Marine x2  
  162  24:29  Missile Turret  
  162  24:31  Marauder, Marine  
  169  24:36  Marauder  
  171  24:46  Missile Turret  
  171  24:47  Marauder x2, Marine x4  
  171  24:48  Marauder  
  181  24:57  Orbital Command  
  159  25:07  Marauder x2  
  151  25:29  Marauder x3, Marine  
  78  26:00  Marauder  
Tags
 
Add a new tag
Caveats
  • Supply blocks, unpowered buildings, or Contaminate may cause inaccurate times.
  • Supply counts are checked every 10 seconds.